 Dungeon Crawl Stone Soup version 0.27-a0-597-g524d869a0f (webtiles) character file.

Game seed: 1553929675900140001

23 sahdkjhfkaj the Skirmisher (level 2, -1/16 HPs)
             Began as a Vine Stalker Berserker on Mar 12, 2021.
             Was a Follower of Trog.
             Slain by a jackal (2 damage)
             ... on level 1 of the Dungeon.
             The game lasted 00:00:47 (760 turns).

sahdkjhfkaj the Skirmisher (Vine Stalker Berserker)  Turns: 760, Time: 00:00:47

Health: -1/16      AC:  2    Str: 19    XL:     2   Next: 95%
Magic:  0/3        EV: 12    Int:  7    God:    Trog [*.....]
Gold:   34         SH:  0    Dex: 13    Spells: 1/1 levels left

rFire    . . .     SeeInvis .   a - +0 spear
rCold    . . .     Faith    .   (no shield)
rNeg     . . .     Spirit   +   b - +0 animal skin
rPois    .         Reflect  .   (no helmet)
rElec    .         Harm     .   (no cloak)
rCorr    .         Rampage  .   (no gloves)
Will     .....                  (no boots)
Stlth    +.........             (no amulet)
HPRegen  0.05/turn              (no ring)
MPRegen  0.08/turn              (no ring)

@: berserk cooldown, slowed, very slow
A: fangs 2, magic shield, antimagic bite, no potion heal 3
a: Renounce Religion, Berserk


You were on level 1 of the Dungeon.
You worshipped Trog.
Trog was aware of your devotion.
You visited 1 branch of the dungeon, and saw 1 of its levels.

You collected 34 gold pieces.

Inventory:

Hand Weapons
 a - a +0 spear (weapon)
Armour
 b - a +0 animal skin (worn)
Scrolls
 c - 6 scrolls of identify {unknown}
 e - 4 scrolls of teleportation {unknown}
 f - a scroll of fog {unknown}
 g - a scroll of amnesia {unknown}
 i - a scroll of fear {unknown}
Potions
 d - a potion of berserk rage
 h - a potion of curing {unknown}


   Skills:
 - Level 3.0 Fighting
 - Level 2.7 Polearms
 + Level 1.8 Throwing
 - Level 1.5 Armour
 - Level 1.5 Dodging


You had one spell level left.
You didn't know any spells.
Your spell library was empty.

Dungeon Overview and Level Annotations

Branches:
Dungeon (1/15)

Altars:


Innate Abilities, Weirdness & Mutations

You have extremely sharp teeth.
When hurt, damage is shared between your health and your magic reserves.
Your bite disrupts and absorbs the magic of your enemies.
Potions cannot restore your health.


Message History

You kill the jackal!
Trog accepts your kill. The jackal closely misses you.
The jackal bites you but does no damage.
The jackal barely misses you. The jackal bites you. x2
The jackal barely misses you. The jackal closely misses you.
The jackal barely misses you. The jackal bites you. The jackal misses you.
The jackal bites you. The jackal closely misses you.
The jackal closely misses you. The jackal barely misses you.
The jackal closely misses you. The jackal bites you. The jackal bites you.
The jackal bites you. The jackal barely misses you.
The jackal barely misses you.
The jackal bites you but does no damage.
The jackal closely misses you.
The jackal stops to sniff the ground.
The jackal closely misses you. The jackal bites you.
The jackal closely misses you. The jackal misses you. x2
The jackal bites you.
* * * LOW HITPOINT WARNING * * *
The jackal barely misses you.
The jackal bites you but does no damage.
You see here a rat corpse.
The jackal completely misses you.
The jackal bites you but does no damage.
The jackal closely misses you. The jackal barely misses you.
The jackal bites you but does no damage.
The jackal bites you.
* * * LOW HITPOINT WARNING * * *
The jackal closely misses you.
The jackal bites you but does no damage.
The jackal closely misses you. The jackal closely misses you.
The jackal barely misses you.
The jackal bites you but does no damage. x2
It was a potion of berserk rage.
You're still recovering from your berserk rage.
The jackal bites you. x2
You die...

############
##########h..........
#........@h..........
#.#.######h.†....##
#.#.######.......#
#.#.....##.......#
###.#......#.......# #######
#..................###......
#...#.......................
#...#..#....................
#...#.........###.####..†...


You could see 3 jackals.

Vanquished Creatures
  An ooze (D:1)
  A dart slug (D:1)
  A giant cockroach (D:1)
  4 goblins (D:1)
  A jackal (D:1)
  3 bats (D:1)
  2 kobolds (D:1)
  4 rats (D:1)
17 creatures vanquished.

Notes
Turn   | Place    | Note
-------+----------+-------------------------------------------
     0 | D:1      | sahdkjhfkaj the Vine Stalker Berserker began the quest for
                  | the Orb.
     0 | D:1      | Reached XP level 1. HP: 11/11 MP: 2/2
   318 | D:1      | Reached skill level 3 in Fighting
   342 | D:1      | Reached skill level 1 in Throwing
   342 | D:1      | Reached XP level 2. HP: 16/16 MP: 3/3
   760 | D:1      | Slain by a jackal

Illustrated notes

Levels and vault maps discovered:
D:1:      dpeg_arrival_short_road, layout_basic, st_stairs_3,
          minmay_misc_feat_tiny

Skill      XL: |  1 |
---------------+----+-----
Fighting       | 3 |  3.0
Throwing       | 1 |  1.8
Polearms       | |  2.7
Armour         | |  1.5
Dodging        | |  1.5

Action                   || total
-------------------------++-------
Melee: Spear             ||    51
       Bite              ||     9
Invok: Berserk           ||     1
  Use: Potion            ||     1
 Stab: Sleeping          ||     2
Armor: Animal skin       ||    22
Dodge: Dodged            ||    47

Table legend: (Time is in decaauts)
 A = Elapsed time spent in this place.
 B = Non-inter-level travel time spent in this place.
 C = Inter-level travel time spent in this place.
 D = Time resting spent in this place.
 E = Time spent auto-exploring this place.
 F = Levels seen in this place.
 G = Mean time per level.
                   A        B        C        D        E       F      G
               +--------+--------+--------+--------+--------+-----+--------+
         Total |    764 |    764 |      0 |      0 |    637 |   1 |  764.0 |
       Dungeon |    764 |    764 |      0 |      0 |    637 |   1 |  764.0 |
               +--------+--------+--------+--------+--------+-----+--------+

Top non-repeatable levels by time:
     D:1: 764 daAuts
